 Dungeon Crawl Stone Soup version 0.28-a0-556-gab23d0e057 (webtiles) character file.

Game seed: 14834687627677946449

1563 Rennog the Fighter (level 9, 0/73 HPs)
             Began as a Djinni Fighter on Sept 28, 2021.
             Was a Priest of Wu Jian.
             Slain by a troll (9 damage)
             ... on level 4 of the Dungeon.
             The game lasted 00:10:25 (7182 turns).

Rennog the Fighter (Djinni Fighter)                 Turns: 7182, Time: 00:10:27

Health: 0/73       AC: 11    Str: 18    XL:     9   Next: 13%
Gold:   274        EV: 10    Int: 13    God:    Wu Jian [***...] SH:  5 Dex: 19

rFire   + + .      SeeInvis .   d - +5 mace
rCold   x . .      Faith    .   c - +0 buckler
rNeg    . . .      Spirit   .   s - +0 chain mail
rPois   ∞          Reflect  .   j - +0 hat
rElec   +          Harm     .   e - +0 cloak
rCorr   .          Rampage  .   p - +0 pair of gloves
Will    .....                   (boots unavailable)
Stlth   ..........              (no amulet)
HPRegen 0.22/turn               f - ring "Mibivaf" {rElec rPois MP-9 Int+3 Dex+6 Stlth+}
MPRegen 0.00/turn               (no ring)

@: flying, serpent's lash
A: sickness immunity, fire resistance 2, cold vulnerability 1, float, innate
caster, hp casting, extra vitality 1
a: Renounce Religion, Wall Jump, Serpent's Lash


You were on level 4 of the Dungeon.
You worshipped Wu Jian.
Wu Jian was most pleased with you.
You visited 1 branch of the dungeon, and saw 6 of its levels.

You collected 334 gold pieces.
You spent 60 gold pieces at shops.

Inventory:

Hand Weapons
 a - a +0 rapier
 d - a +5 mace (weapon)
Missiles
 D - a throwing net (quivered)
Armour
 b - a +0 scale mail
 c - a +0 buckler (worn)
 e - a +0 cloak (worn)
 j - a +0 hat (worn)
 p - a +0 pair of gloves (worn)
 s - a +0 chain mail (worn)
Jewellery
 f - the ring "Mibivaf" (left hand) {rElec rPois MP-9 Int+3 Dex+6 Stlth+}
   (You acquired it on level 4 of the Dungeon)

   [ring of dexterity]

   Int:       It affects your intelligence (+3).
   Dex:       It affects your dexterity (+6).
   rElec:     It insulates you from electricity.
   rPois:     It protects you from poison.
   MP:        It affects your magic capacity (-9).
   Stlth:     It makes you more stealthy.
 y - a +6 ring of dexterity
 F - an amulet of the acrobat
Wands
 r - a wand of charming (10)
 w - a wand of paralysis (7)
Scrolls
 h - 7 scrolls of teleportation
 k - a scroll of fear
 m - 2 scrolls of fog
 n - 5 scrolls of identify
 q - a scroll of holy word
 t - a scroll of enchant armour {unknown}
 u - a scroll of amnesia {unknown}
 A - a scroll of vulnerability {unknown}
Potions
 g - 2 potions of degeneration
 i - 2 potions of curing
 l - 2 potions of flight {unknown}
 o - 5 potions of heal wounds
 v - a potion of attraction {unknown}
 x - a potion of haste {unknown}
 z - a potion of magic {unknown}
 B - a potion of ambrosia {unknown}
 C - a potion of brilliance {unknown}
 E - a potion of mutation {unknown}


   Skills:
 * Level 9.4 Fighting
 - Level 1.7 Short Blades
 - Level 3.0 Armour
 + Level 6.6 Dodging
 - Level 3.0 Shields


You couldn't memorise any spells.
You knew the following spells:

 Your Spells              Type           Power      Damage    Failure   Level
a - Magic Dart            Conj           0%         1d3       99%         1
b - Slow                  Hex            0%         N/A       100%        2
c - Wereblood             Tmut           0%         N/A       100%        2
d - Frozen Ramparts       Ice            0%         1d2       100%        3
Your spell library was empty.


Dungeon Overview and Level Annotations

Branches:
Dungeon (6/15)
 Temple: D:4-7

Altars:
Ashenzari
Wu Jian
Xom
Zin
Lugonu

Shops:
D:4 ?!

Portals:
Abyss: D:6

Annotations:
D:3 Sigmund
D:6 2 transporters, 2 runed translucent doors, omnomnOMINOUS's ghost, amateur OpWn


Innate Abilities, Weirdness & Mutations

You are immune to sickness and miasma.
You are immune to poison.
Your flesh is very heat resistant. (rF++)
You are vulnerable to cold. (rC-)
You float through the air rather than walking.
You learn spells naturally, not from books.
Your magical power is your life essence.
You have superior vitality. (+4 HP)


Message History

Really fly into that dispersal trap?
You enter a dispersal trap!
The troll blinks!
The gnoll blinks! x2
The troll blinks!
You blink.
The troll enters a dispersal trap!
You blink.
The troll blinks!
Okay, then.
There is an open door here.
There is a stone staircase leading up here.
You fly upwards.
There is a stone staircase leading down here.
You start resting.
HP restored.
You fly downwards.
The gnoll closely misses you.
There is a stone staircase leading up here.
You hit the gnoll.
The gnoll is moderately wounded.
The gnoll barely misses you. The gnoll closely misses you.
You hit the gnoll.
The gnoll is heavily wounded.
The gnoll hits you but does no damage. The gnoll closely misses you.
The gnoll hits you with a +0 flail. The troll bites you! The troll claws you.
The troll misses you. The gnoll hits you but does no damage.
The gnoll hits you with a +0 flail!
You fly upwards.
There is a stone staircase leading down here.
Okay, then.
Your muscles tense, ready for explosive movement...
You barely miss the troll. The troll bites you!
The troll claws you but does no damage. The troll claws you.
The gnoll barely misses you. The troll completely misses you.
You block the troll's attack. The troll claws you but does no damage.
You hit the troll but do no damage. The gnoll completely misses you.
The troll bites you. You block the troll's attack. The troll misses you.
You block the gnoll's attack.
You hit the troll.
The troll is lightly wounded.
The troll bites you!
* * * LOW HITPOINT WARNING * * *
The troll closely misses you. The troll claws you but does no damage.
The gnoll closely misses you. The troll misses you. The troll claws you!
You die...

#.#####.......<.......# ##. #.#
#...........###.# ##.. #.#
############# #.####... #.#
##.##.... #.# ####.###... #.#
#######....# #... #.#
####....).....####.. ##.#
#..............# ##. #..###
#..@g..........# #. #....###
#..T...........## ## ##.....#
#...............# # #.....#
#...............## #.....#
##.........[.....# # #.....##
#...............### ###.....#
#................#. ####.......#
#..................
#..........#####.........###..###


You could see a troll and a gnoll.

Vanquished Creatures
  A necrophage (D:5)
  2 ogres
  A bullfrog (D:6)
  2 gnoll sergeants
  3 scorpions
  A water moccasin zombie (D:6)
  2 water moccasin skeletons (D:5)
  A howler monkey (D:5)
  A centaur zombie (D:6)
  A hound (D:6)
  A jelly (D:6)
  An orc priest (D:6)
  A bullfrog skeleton (D:6)
  A centaur skeleton (D:5)
  4 iguanas
  5 orc wizards
  A hound skeleton (D:5)
  10 adders
  15 gnolls
  2 worms (D:2)
  5 dart slugs
  10 orcs
  7 endoplasms
  A giant cockroach (D:3)
  6 hobgoblins
  7 kobolds
  7 quokkas
  8 ball pythons
  5 bats
  4 frilled lizards (D:3)
  7 goblins
  5 rats
128 creatures vanquished.

Vanquished Creatures (others)
  2 fungi (D:2)
  3 plants (D:2)
5 creatures vanquished.

Grand Total: 133 creatures vanquished

Notes
Turn   | Place    | Note
-------+----------+-------------------------------------------
     0 | D:1      | Rennog the Djinni Fighter began the quest for the Orb.
     0 | D:1      | Reached XP level 1. HP: 20/20 MP: 0/0
   119 | D:1      | Reached XP level 2. HP: 19/25 MP: 0/0
   251 | D:1      | Reached skill level 1 in Dodging
   513 | D:1      | Reached XP level 3. HP: 28/31 MP: 0/0
   513 | D:1      | Learned a level 1 spell: Magic Dart
   861 | D:2      | Found a faded altar of an unknown god.
   883 | D:2      | Became a worshipper of the Wu Jian Council
   883 | D:2      | Reached * piety under Wu Jian
   928 | D:2      | Reached skill level 4 in Fighting
  1028 | D:2      | Reached XP level 4. HP: 37/37 MP: 0/0
  1825 | D:2      | Reached XP level 5. HP: 4/42 MP: 0/0
  1825 | D:2      | Learned a level 2 spell: Slow
  1833 | D:2      | Reached skill level 5 in Fighting
  2423 | D:3      | Noticed Sigmund
  2516 | D:3      | Reached ** piety under Wu Jian
  2728 | D:3      | Found a glowing silver altar of Zin.
  2763 | D:3      | Found a broken altar of Ashenzari.
  2816 | D:3      | Reached XP level 6. HP: 49/49 MP: 0/0
  3536 | D:4      | Found Naweiv's Distillery.
  3540 | D:4      | You are sucked into a shaft and drop 1 floor!
  3540 | D:5      | Entered Level 5 of the Dungeon
  3545 | D:5      | Reached skill level 6 in Fighting
  3595 | D:5      | Reached XP level 7. HP: 52/56 MP: 0/0
  3595 | D:5      | Learned a level 2 spell: Wereblood
  3922 | D:5      | Reached skill level 7 in Fighting
  4348 | D:4      | Found Niplea's Magic Scroll Boutique.
  4356 | D:4      | Bought a scroll of teleportation for 36 gold pieces
  4356 | D:4      | Bought a scroll of identify for 24 gold pieces
  4361 | D:4      | Identified a scroll of acquirement
  4369 | D:4      | Acquired the ring "Mibivaf" {rElec rPois MP-9 Int+3 Dex+6
                  | Stlth+}
  4536 | D:4      | Reached XP level 8. HP: 64/64 MP: 0/0
  4791 | D:5      | Reached skill level 5 in Dodging
  5103 | D:5      | Reached skill level 8 in Fighting
  5436 | D:5      | Noticed a troll
  5498 | D:6      | Reached *** piety under Wu Jian
  5687 | D:6      | Found a transporter.
  5688 | D:6      | Identified the +10 great mace "Hydra's Doom" {protect,
                  | rElec rCorr Int+2 Dex-5}
  5688 | D:6      | Noticed a two-headed ogre
  5688 | D:6      | Noticed omnomnOMINOUS's ghost (amateur OpWn)
  5689 | D:6      | Found a transporter.
  5711 | D:6      | Found a large runed translucent door.
  5711 | D:6      | Found a large runed translucent door.
  6358 | D:6      | Reached skill level 9 in Fighting
  6495 | D:6      | Reached XP level 9. HP: 67/72 MP: 0/0
  6495 | D:6      | Learned a level 3 spell: Frozen Ramparts
  6544 | D:6      | Found a shimmering altar of Xom.
  6818 | D:6      | Found a corrupted altar of Lugonu.
  6860 | D:6      | Found a one-way gate to the infinite horrors of the Abyss.
  7182 | D:4      | Slain by a troll

Illustrated notes

Levels and vault maps discovered:
D:1:      erik_arrival_blinker_ship, layout_rooms
D:2:      layout_rooms, shapermc_ecumenical_altar_mp_urbaneastern,
          corexii_leaking_fountain
D:3:      layout_basic, zin_statuary, ashenzari_conservatory_becter,
          uniq_sigmund
D:4:      layout_cave_pods, serial_shops, shop, shop
D:5:      layout_basic, amcnicky_altar_gilded, kennysheep_diamond, uniq_edmund
D:6:      due_chaos_kobolds, layout_gridville, brannock_xom_greatest_gift,
          gammafunk_ghost_smash, feat_on_display

Skill      XL: |  1  2  3  4  5  6  7  8 |
---------------+-------------------------+-----
Dodging        | 1 2 3 4 6 |  6.6
Fighting       | 4 5 6 7 9 |  9.4
Short Blades   | |  1.7
Armour         | |  3.0
Shields        | |  3.0

Action                   |  1- 3 |  4- 6 |  7- 9 || total
-------------------------+-------+-------+-------++-------
Melee: Rapier            |    99 |   115 |       ||   214
       Mace              |       |    66 |   223 ||   289
Invok: Lunge             |     1 |     6 |    11 ||    18
       Whirlwind         |       |     1 |     3 ||     4
       Serpent's Lash    |       |       |     1 ||     1
  Use: Potion            |       |     1 |       ||     1
       Scroll            |       |       |     8 ||     8
Armor: Scale mail        |    41 |   103 |       ||   144
       Chain mail        |       |     2 |   154 ||   156
Dodge: Dodged            |    44 |    88 |   155 ||   287
Block: Buckler           |    16 |    43 |    98 ||   157

Table legend: (Time is in decaauts)
 A = Elapsed time spent in this place.
 B = Non-inter-level travel time spent in this place.
 C = Inter-level travel time spent in this place.
 D = Time resting spent in this place.
 E = Time spent auto-exploring this place.
 F = Levels seen in this place.
 G = Mean time per level.
                   A        B        C        D        E       F      G
               +--------+--------+--------+--------+--------+-----+--------+
         Total |   7330 |   7035 |    295 |   1244 |   4501 |   6 | 1221.7 |
       Dungeon |   7330 |   7035 |    295 |   1244 |   4501 |   6 | 1221.7 |
               +--------+--------+--------+--------+--------+-----+--------+

Top non-repeatable levels by time:
     D:5: 1487 daAuts
     D:4: 1429 daAuts
     D:2: 1404 daAuts
     D:3: 1282 daAuts
     D:6: 1032 daAuts
     D:1: 694 daAuts
